 Dungeon Crawl Stone Soup version 0.30-a0-613-gdd512c7efb (webtiles) character file.

Game seed: 7371821879330643780

6644 bmack86 the Fighter (level 10, -3/95 HPs)
             Began as a Minotaur Fighter on Jan 8, 2023.
             Was an Elder of Okawaru.
             Killed from afar by Erica (14 damage)
             ... with a lance of force
             ... on level 9 of the Dungeon.
             The game lasted 00:22:01 (8327 turns).

bmack86 the Fighter (Minotaur Fighter)              Turns: 8327, Time: 00:22:02

Health: -3/95      AC: 23    Str: 25    XL:     10   Next: 72%
Magic:  11/11      EV:  7    Int:  5    God:    Okawaru [****..]
Gold:   525        SH:  0    Dex: 10    Spells: 9/9 levels left

rFire   . . .      SeeInvis .    a - +0 war axe
rCold   . . .      Faith    .    c - +0 buckler
rNeg    . . .      Spirit   .    z - +1 plate armour
rPois   .          Reflect  .    (helmet restricted)
rElec   .          Harm     .    (no cloak)
rCorr   .          Rampage  .    A - +2 pair of gloves
Will    +....                    I - +0 pair of boots Stlth
                                 (no amulet)
HPRegen 0.35/turn                H - +4 ring of protection
MPRegen 0.12/turn                n - ring of willpower

@: confused, slowed, very slow
A: horns 2, retaliatory headbutt
a: Renounce Religion, Heroism, Finesse


You were on level 9 of the Dungeon.
You worshipped Okawaru.
Okawaru was greatly pleased with you.
You visited 2 branches of the dungeon, and saw 10 of its levels.

You collected 525 gold pieces.

Inventory:

Hand Weapons
 a - a +0 war axe (weapon)
Missiles
 e - 3 curare-tipped darts
 m - 48 poisoned darts
 t - 2 atropa-tipped darts
 N - 7 silver javelins (quivered)
 O - 5 boomerangs
Armour
 b - a +0 scale mail
 c - a +0 buckler (worn)
 z - a +1 plate armour (worn)
 A - a +2 pair of gloves (worn)
 F - a +0 tower shield
 I - a +0 pair of boots (worn)
Jewellery
 j - a ring of protection from fire
 n - a ring of willpower (right hand)
 o - an amulet of magic regeneration
 B - a ring of see invisible
 H - a +4 ring of protection (left hand)
Wands
 x - a wand of acid (9)
 y - a wand of charming (19)
 G - a wand of iceblast (12)
Scrolls
 h - 2 scrolls of teleportation {unknown}
 k - 2 scrolls of poison
 r - a scroll of blinking {unknown}
 s - a scroll of torment {unknown}
 C - 3 scrolls of fog {unknown}
 E - a scroll of acquirement {unknown}
 J - a scroll of enchant armour
 K - a scroll of magic mapping
 L - a scroll of silence {unknown}
Potions
 d - 2 potions of might
 f - 2 potions of flight
 g - 2 potions of brilliance
 i - a potion of lignification {unknown}
 l - 3 potions of heal wounds {unknown}
 p - a potion of attraction {unknown}
 q - a potion of haste {unknown}
 u - 2 potions of magic
 v - 3 potions of mutation
 w - 2 potions of berserk rage {unknown}
 D - 3 potions of curing {unknown}
 M - a potion of invisibility {unknown}


   Skills:
 * Level 11.0 Fighting
 * Level 10.5 Axes
 + Level 5.7 Throwing
 + Level 8.1 Armour
 + Level 8.1 Shields
 + Level 3.6 Invocations


You had 9 spell levels left.
You didn't know any spells.
Your spell library contained the following spells:

 Spells                   Type           Power      Damage    Failure   Level
 Necrotise                Necr           0%         1d4       100%        1
 Vampiric Draining        Necr           0%         2d6       100%        3
 Agony                    Necr           0%         N/A       100%        5


Dungeon Overview and Level Annotations

Branches:
Dungeon (9/15)             Temple (1/1) D:6
   Lair: D:8-11         Orc: D:9-12

Altars:
Cheibriados
Dithmenos
Elyvilon
Fedhas
Gozag
Hepliaklqana
Kikubaaqudgha
Makhleb
Nemelex Xobeh
Okawaru
Qazlal
Ru
Sif Muna
Trog
Uskayaw
Vehumet
Wu Jian
Xom
Yredelemnul
Zin
The Shining One

Shops:
D:1 =

Annotations:
D:2 1 runed translucent door, Crazy Yiuf
D:9 Erica, Prince Ribbit


Innate Abilities, Weirdness & Mutations

You have a pair of horns on your head.
You reflexively headbutt those who attack you in melee.


Message History

You feel very sick.
Prince Ribbit hits you but does no damage.
You hear some strange, mumbled words.
Something tries to affect you, but you resist.
Prince Ribbit lets out a mournful croak.
Prince Ribbit hits you but does no damage.
Something hits you but does no damage.
Prince Ribbit hits you but does no damage.
You closely miss something. You headbutt something. You hit Prince Ribbit.
You feel very sick. You block Prince Ribbit's attack.
Something hits you but does no damage.
Prince Ribbit blinks!
You closely miss something.
You feel sick. You block something's attack.
You hear some strange, mumbled words.
Something tries to affect you, but you resist.
You hit something. You headbutt something.
You feel sick.
Prince Ribbit blinks!
Something hits you but does no damage.
You hit something.
You feel sick.
Prince Ribbit blinks!
Something hits you but does no damage. You block something's attack.
You miss something. You headbutt something!
You feel sick.
Prince Ribbit blinks!
You hear some strange, mumbled words.
A lance of force appears from out of thin air!
The lance of force hits you.
You closely miss something. Your headbutt misses something.
You feel sick.
You are no longer poisoned.
Something hits you but does no damage.
You hear some strange, mumbled words.
You are confused.
You're too confused to move!
Erica appears from thin air!
Reactivating autopickup.
Erica hits you with a +4 scimitar of flaming!
* * * LOW HITPOINT WARNING * * *
Erica burns you.
* * * LOW HITPOINT WARNING * * *
Erica points at you and mumbles some strange words.
You resist with almost no effort. Erica casts a spell at you.
The lance of force hits you!
You die...

......... .........
........# ........#
........# [...F...#
........####
.......@...#
........@..#.....
.........$.#....#
.#####.....#....# .
#.....#....# .
#.....#....# .
#.....'....#######.
#.....#............
#...).'............


You could see Erica and Prince Ribbit.

Vanquished Creatures
  Psyche (D:9)
  A troll (D:9)
  A hornet (D:8)
  Sigmund (D:8)
  9 yaks
  A wraith (D:9)
  6 humans (D:8)
  Menkaure (D:6)
  A water moccasin (D:7)
  3 orc warriors
  2 sky beasts
  2 black bears
  3 ice beasts
  2 centaurs (D:9)
  An ogre (D:5)
  3 phantoms (D:5)
  3 bullfrogs
  3 kobold brigands
  2 necrophages
  3 scorpions
  A gnoll sergeant (D:8)
  5 wights (D:8)
  8 hounds
  2 jellies (D:6)
  4 orc priests (D:8)
  Ijyb (D:3)
  5 iguanas
  4 orc wizards
  Robin (D:3)
  A river rat (D:3)
  4 gnolls (D:6)
  7 adders
  A shadow imp (D:6)
  5 worms
  A dart slug (D:1)
  25 orcs
  7 ball pythons
  5 bats
  5 endoplasms
  7 giant cockroaches
  10 goblins
  9 hobgoblins
  2 jackals (D:8)
  21 kobolds
  6 quokkas
  8 frilled lizards
  12 rats
216 creatures vanquished.

Vanquished Creatures (others)
  7 plants (D:6)
7 creatures vanquished.

Grand Total: 223 creatures vanquished

Notes
Turn   | Place    | Note
-------+----------+-------------------------------------------
     0 | D:1      | bmack86 the Minotaur Fighter began the quest for the Orb.
     0 | D:1      | Reached XP level 1. HP: 19/19 MP: 0/0
   295 | D:1      | Reached XP level 2. HP: 26/27 MP: 1/1
   307 | D:1      | Found Hairrez's Jewellery Emporium.
   450 | D:1      | Reached skill level 4 in Fighting
   730 | D:1      | Reached XP level 3. HP: 28/33 MP: 2/2
   908 | D:2      | HP: 1/34 [goblin/+0 club (3)]
  1404 | D:2      | Reached XP level 4. HP: 41/41 MP: 3/3
  1456 | D:2      | Found a runed translucent door.
  1457 | D:2      | Noticed Crazy Yiuf
  1608 | D:2      | Found a hide-covered altar of Uskayaw.
  1875 | D:3      | Noticed Robin
  1893 | D:3      | Killed Robin
  1950 | D:3      | Noticed a necrophage
  1955 | D:3      | Killed a necrophage
  1956 | D:3      | Reached skill level 5 in Fighting
  1956 | D:3      | Reached skill level 1 in Throwing
  1956 | D:3      | Reached XP level 5. HP: 39/48 MP: 4/4
  2191 | D:3      | Found a faded altar of an unknown god.
  2406 | D:3      | Noticed Ijyb
  2419 | D:3      | Killed Ijyb
  3027 | D:4      | Found a stormy altar of Qazlal.
  3033 | D:4      | Reached XP level 6. HP: 54/56 MP: 5/5
  3579 | D:5      | Entered Level 5 of the Dungeon
  3588 | D:5      | Reached skill level 5 in Axes
  3644 | D:5      | Found a shadowy altar of Dithmenos.
  3664 | D:5      | Noticed an ice beast
  3675 | D:5      | Killed an ice beast
  3676 | D:5      | Reached skill level 6 in Fighting
  3676 | D:5      | Reached skill level 5 in Armour
  3698 | D:5      | Reached XP level 7. HP: 49/63 MP: 6/6
  3705 | D:5      | Reached skill level 5 in Shields
  3837 | D:6      | Noticed a yak
  3837 | D:6      | Noticed a yak
  3837 | D:6      | Noticed a yak
  3858 | D:6      | Killed a yak
  3862 | D:6      | Killed a yak
  3863 | D:6      | Reached skill level 7 in Fighting
  3869 | D:6      | Killed a yak
  3870 | D:6      | Reached XP level 8. HP: 16/73 MP: 7/7
  4085 | D:6      | Noticed Menkaure
  4095 | D:6      | Killed Menkaure
  4201 | D:6      | Found a staircase to the Ecumenical Temple.
  4228 | Temple   | Entered the Ecumenical Temple
  4233 | Temple   | Became a worshipper of Warmaster Okawaru
  4513 | D:5      | You fall into a shaft and drop 2 floors!
  4561 | D:5      | Reached skill level 8 in Fighting
  4722 | D:5      | Reached * piety under Okawaru
  5187 | D:6      | Found a basalt altar of Yredelemnul.
  5354 | D:6      | Reached XP level 9. HP: 82/82 MP: 8/8
  6169 | D:7      | Reached skill level 9 in Fighting
  6252 | D:7      | Found a sparkling altar of Nemelex Xobeh.
  6261 | D:7      | Found a blossoming altar of Fedhas.
  6324 | D:7      | Found a hide-covered altar of Uskayaw.
  6422 | D:7      | Reached ** piety under Okawaru
  6423 | D:7      | Reached skill level 1 in Invocations
  6717 | D:8      | Noticed Sigmund
  6742 | D:8      | Reached *** piety under Okawaru
  6747 | D:8      | Reached skill level 10 in Fighting
  6747 | D:8      | Reached skill level 5 in Throwing
  6747 | D:8      | Reached XP level 10. HP: 60/93 MP: 10/10
  6789 | D:8      | Killed Sigmund
  7163 | D:8      | Paralysed by a hornet for 3 turns
  7169 | D:8      | Paralysed by a hornet for 2 turns
  7452 | D:8      | Reached skill level 10 in Axes
  8053 | D:9      | Reached **** piety under Okawaru
  8078 | D:9      | Noticed Psyche
  8089 | D:9      | Killed Psyche
  8292 | D:9      | Reached skill level 11 in Fighting
  8299 | D:9      | Noticed Erica
  8301 | D:9      | Noticed Prince Ribbit
  8327 | D:9      | Killed from afar by Erica

Illustrated notes

Levels and vault maps discovered:
D:1:      dpeg_arrival_water_temple_mockup, layout_basic, serial_shops,
          nicolae_shop_window_shopping, minmay_split_cup_large
D:2:      layout_loops_cross, basic_altar, uniq_crazy_yiuf_cottage
D:3:      layout_basic, ebering_ecumenical_altar_hall, gup_sewer_entry_spiral,
          serial_glass, glass_columns_a, glass_columns_a, uniq_robin, uniq_ijyb
D:4:      layout_gridville, mainiacjoe_overflow_surrounded_room,
          minmay_misc_feat_room
D:5:      layout_cave_pools, nicolae_dithmenos_shadow_blocks,
          minmay_misc_feat_iff
D:6:      layout_basic, overflow_temple_1_default, temple_pool_b,
          nicolae_concentric_dashed_squares_mild, grunt_ministairs_14,
          chequers_serial_rivers_small_b, minmay_lizard_king, uniq_menkaure
D:7:      layout_gridville, mainiacjoe_overflow_swirl, old_standard_altar,
          corexii_item_surrounded_by_moat, nicolae_zen_rock_garden
D:8:      erik_cavepeople, layout_basic, kennysheep_generic_room_13
D:9:      layout_irregular_city, uniq_prince_ribbit1, uniq_erica, uniq_psyche
Temple:   minmay_freezing_vapour_temple

Skill      XL: |  1  2  3  4  5  6  7  8  9 10 |
---------------+-------------------------------+-----
Fighting       | 4 5 6 7 8 10 11 | 11.0
Axes           | 3 4 5 6 7 9 10 | 10.5
Armour         | 4 5 6 7 8 |  8.1
Shields        | 4 5 6 7 8 |  8.1
Throwing       | 1 2 3 4 5 |  5.7
Invocations    | 2 3 |  3.6

Action                   |  1- 3 |  4- 6 |  7- 9 | 10-12 || total
-------------------------+-------+-------+-------+-------++-------
Melee: War axe           |    80 |    94 |   210 |   142 ||   526
       Headbutt          |     9 |    24 |    45 |    32 ||   110
Throw: Javelin           |       |     6 |    39 |    12 ||    57
       Dart              |       |     3 |       |       ||     3
Invok: Heroism           |       |       |     1 |     1 ||     2
  Use: Scroll            |     2 |     6 |     4 |       ||    12
Armor: Scale mail        |    47 |    38 |       |       ||    85
       Plate armour      |       |    22 |   138 |   122 ||   282
Dodge: Dodged            |    46 |    49 |    56 |    54 ||   205
Block: Buckler           |    28 |    23 |    59 |    38 ||   148

Table legend: (Time is in decaauts)
 A = Elapsed time spent in this place.
 B = Non-inter-level travel time spent in this place.
 C = Inter-level travel time spent in this place.
 D = Time resting spent in this place.
 E = Time spent auto-exploring this place.
 F = Levels seen in this place.
 G = Mean time per level.
                   A        B        C        D        E       F      G
               +--------+--------+--------+--------+--------+-----+--------+
         Total |   8499 |   8199 |    300 |    461 |   5034 |  10 |  849.9 |
       Dungeon |   8488 |   8188 |    300 |    461 |   5034 |   9 |  943.1 |
        Temple |     10 |     10 |      0 |      0 |      0 |   1 |   10.0 |
               +--------+--------+--------+--------+--------+-----+--------+

Top non-repeatable levels by time:
     D:8: 1452 daAuts
     D:6: 1327 daAuts
     D:3: 1183 daAuts
     D:2: 1009 daAuts
     D:7: 901 daAuts
     D:1: 881 daAuts
     D:5: 843 daAuts
     D:4: 601 daAuts
     D:9: 287 daAuts
  Temple: 10 daAuts
